 Dungeon Crawl Stone Soup version 0.31-a0-246-g8cbcc1cb85 (webtiles) character file.

Game seed: 5476560685102069211

47 qw the Shooter (level 3, -2/29 HPs)
             Began as a Minotaur Hexslinger on July 12, 2023.
             Slain by an orc priest
             ... wielding a +0 hand axe
              (3 damage)
             ... on level 3 of the Dungeon.
             The game lasted 00:00:30 (1527 turns).

qw the Shooter (Minotaur Hexslinger)                Turns: 1527, Time: 00:00:30

Health: -2/29      AC:  2    Str: 12    XL:     3   Next: 48%
Magic:  3/3        EV: 12    Int: 10    God:
Gold:   73         SH:  0    Dex: 14    Spells: 3/4 levels left

rFire   . . .        Y - +2 sling
rCold   . . .        (no shield)
rNeg    . . .        c - +0 robe
rPois   .            (helmet restricted)
rElec   .            (no cloak)
rCorr   .            (no gloves)
SInv    .            (no boots)
Will    .....        (no amulet)
Stlth   +            (no ring)
HPRegen 0.24/turn    (no ring)
MPRegen 0.08/turn

%: no passive effects
@: no status effects
A: horns 2, retaliatory headbutt
a: no special abilities


You were on level 3 of the Dungeon.
You visited 1 branch of the dungeon, and saw 3 of its levels.

You collected 131 gold pieces.
You spent 58 gold pieces at shops.


Innate Abilities, Weirdness & Mutations

You have a pair of horns on your head.
You reflexively headbutt those who attack you in melee.


   Skills:
 - Level 2.0 Fighting
 + Level 4.1 Ranged Weapons
 - Level 2.1 Dodging
 - Level 1.0 Spellcasting
 - Level 2.0 Hexes


You had 3 spell levels left.
You knew the following spells:

 Your Spells              Type           Power      Damage    Failure   Level
a - Slow                  Hex            16%        N/A       16%         1

Your spell library contained the following spells:

 Spells                   Type           Power      Damage    Failure   Level
 Inner Flame              Hex/Fire       2%         N/A       56%         3
 Portal Projectile        Hex/Tloc       4%         N/A       56%         3
 Cause Fear               Hex            2%         N/A       83%         4

Inventory:

Hand Weapons
 Y - a +2 sling (weapon)
Armour
 c - a +0 robe (worn)
 e - a +0 leather armour
Scrolls
 i - a scroll of identify
Potions
 a - a potion of degeneration {unknown}
 b - a potion of heal wounds {unknown}
 d - a potion of might
 f - a potion of magic {unknown}
 g - a potion of curing {unknown}

Dungeon Overview and Level Annotations

Branches:
Dungeon (3/15)

Altars:

Shops:
D:3 [


Message History

The orc is lightly wounded.
The orc closely misses you. You furiously retaliate!
You headbutt the orc!
You kill the orc!
You shoot a sling bullet.
The sling bullet barely misses the orc wizard.
You shoot a sling bullet.
The sling bullet barely misses the orc wizard.
The orc wizard hits you but does no damage.
You shoot a sling bullet. The sling bullet hits the orc wizard.
The orc wizard is moderately wounded.
You hear a shout!
The orc wizard hits you but does no damage.
The orc wizard misses you.
An orc priest comes into view. It is wielding a +0 hand axe.
You hear a shout!
You shoot a sling bullet. The sling bullet hits the orc wizard.
The orc wizard is moderately wounded.
A hobgoblin comes into view.
The orc priest hits you but does no damage.
The orc wizard hits you with a +0 dagger.
You shoot a sling bullet.
The sling bullet closely misses the orc wizard.
The hobgoblin shouts!
You hear a shout!
The orc wizard points at you and mumbles some strange words.
The puff of flame hits you!
The orc priest hits you with a +0 hand axe.
You shoot a sling bullet. The sling bullet hits the orc wizard.
The orc wizard is heavily wounded.
The orc priest hits you with a +0 hand axe.
The orc wizard hits you with a +0 dagger.
You shoot a sling bullet. The sling bullet misses the orc wizard.
An orc comes into view. It is wielding a +0 mace.
The orc wizard barely misses you.
The orc priest hits you with a +0 hand axe.
You shoot a sling bullet. The sling bullet hits the orc wizard.
The orc wizard is severely wounded.
The orc wizard hits you with a +0 dagger.
The orc priest hits you with a +0 hand axe.
You die...

#.............#
#############.#######
#.#.#.#.#.#.#.#
#.#.#.#.#.#.#
#.#.#.#.#.#.#
#.#.#.#.#.#..
#.#.#.#.#.#.#...
#.#.#...#.#.#.....#
#.#.#.#@#.#.#.#.#.##
.#.#.#o#o#.#.#.#.##
.#.#.# #g#.#.#.#.#
#.#.# #o#.#.#.#.
#.#.# #.#.#.#. .#.#
#.#.#. #.# #.#. .# #.


You could see an orc priest, an orc wizard, an orc and a hobgoblin.

Vanquished Creatures
  A worm (D:2)
  A dart slug (D:1)
  An orc (D:3)
  3 endoplasms
  3 goblins
  3 hobgoblins
  3 jackals (D:2)
  2 quokkas
  3 ball pythons
  3 bats (D:1)
  2 frilled lizards
  8 kobolds
  7 rats
40 creatures vanquished.

Notes
Turn   | Place    | Note
-------+----------+-------------------------------------------
     0 | D:1      | qw the Minotaur Hexslinger began the quest for the Orb.
     0 | D:1      | Reached XP level 1. HP: 16/16 MP: 1/1
     0 | D:1      | 0 ||| qw: Version: 0.3-a-52-g30416fa
     0 | D:1      | 0 ||| qw: Game counter: 6453
     0 | D:1      | 0 ||| qw: Melee chars always use a shield: true
     0 | D:1      | 0 ||| qw: God list: Okawaru
     0 | D:1      | 0 ||| qw: Allow faded altars: false
     0 | D:1      | 0 ||| qw: Do Orc after clearing Dungeon:15 true
     0 | D:1      | 0 ||| qw: Do second Lair branch before Depths: true
     0 | D:1      | 0 ||| qw: Lair rune preference: random
     0 | D:1      | 0 ||| qw: Goals: Normal
     0 | D:1      | 0 ||| PLANNING D:1-11
   250 | D:1      | Reached skill level 3 in Ranged Weapons
   261 | D:1      | Reached XP level 2. HP: 12/23 MP: 2/2
   962 | D:1      | 962 ||| READING scroll labelled VYTSOPR ROBE.
   963 | D:1      | 963 ||| DROPPING scroll of poison.
  1011 | D:2      | Reached XP level 3. HP: 29/29 MP: 3/3
  1385 | D:2      | 1385 ||| READING scroll labelled DIXYPT ERIBE.
  1386 | D:2      | 1386 ||| READING scroll labelled XIOHYTROUME.
  1387 | D:2      | 1387 ||| READING 2 scrolls labelled WIJY OFADABB.
  1388 | D:2      | 1388 ||| READING scroll labelled XIKUOCA MAERECRO.
  1389 | D:2      | 1389 ||| READING scroll labelled RAONLU MIRAF.
  1390 | D:2      | 1390 ||| DRINKING 2 fuming dark potions.
  1391 | D:2      | 1391 ||| DRINKING 3 viscous black potions.
  1392 | D:2      | 1392 ||| DROPPING 2 potions of attraction.
  1434 | D:3      | Reached skill level 4 in Ranged Weapons
  1508 | D:3      | Found Okumirykk's Antique Armour Shoppe.
  1515 | D:3      | 1515 ||| BUYING leather armour (58 gold).
  1515 | D:3      | Bought a leather armour for 58 gold pieces
  1515 | D:3      | 1515 ||| SHOPLISTING runed ring mail (203 gold, have 73).
  1525 | D:3      | HP: 4/29 [orc priest/+0 hand axe (5)]
  1526 | D:3      | HP: 1/29 [orc priest/+0 hand axe (1)]
  1527 | D:3      | Slain by an orc priest

Levels and vault maps discovered:
D:1:      lightli_arrival_statuegarden, layout_basic
D:2:      layout_rooms
D:3:      layout_basic, mainiacjoe_overflow_cross_hatched, serial_shops, shop,
          nicolae_shop_peninsula, shop, nicolae_shop_window_shopping,
          nicolae_shop_tiny_statue_garden

Skill      XL: |  1  2  3 |
---------------+----------+-----
Ranged Weapons | 3 4 |  4.1
Fighting       | 2 |  2.0
Dodging        | |  2.1
Spellcasting   | |  1.0
Hexes          | |  2.0

Action                     || total
---------------------------++-------
   Fire: Sling             ||   104
    Use: Scroll            ||     6
         Potion            ||     2
 Armour: Robe              ||     9
  Dodge: Dodged            ||    18

Table legend:
 A = Non-vault XP
 B = Vault XP
 C = Vault XP percentage of total XP
 D = Non-vault monster count
 E = Vault monster count
 F = Vault count percentage of total count
                 A         B        C        D         E       F
            +---------+---------+-------+---------+---------+-------
      Total |      68 |       0 |   0.0 |      40 |       0 |   0.0
            +---------+---------+-------+---------+---------+-------
        D:1 |      34 |       0 |   0.0 |      22 |       0 |   0.0
        D:2 |      27 |       0 |   0.0 |      15 |       0 |   0.0
        D:3 |       7 |       0 |   0.0 |       3 |       0 |   0.0
            +---------+---------+-------+---------+---------+-------
